 Dungeon Crawl Stone Soup version 0.29.1-1-gd02db6906a (webtiles) character file.

Game seed: 6545111537398031560

15 Revguard the Trooper (level 2, 0/32 HPs)
             Began as an Ogre Cinder Acolyte on Sept 16, 2022.
             Was a High Priest of Ignis.
             Slain by an adder (1 damage)
             ... on level 2 of the Dungeon.
             The game lasted 00:02:27 (1394 turns).

Revguard the Trooper (Ogre Cinder Acolyte)          Turns: 1394, Time: 00:02:29

Health: 0/32       AC:  3    Str: 17    XL:     2   Next: 50%
Magic:  4/4        EV:  9    Int: 15    God:    Ignis [*****.]
Gold:   48         SH:  0    Dex:  4    Spells: 4/4 levels left

rFire   + . .      SeeInvis .   a - -1 mace (flame)
rCold   . . .      Faith    .   (no shield)
rNeg    . . .      Spirit   .   b - +0 robe
rPois   .          Reflect  .   (helmet restricted)
rElec   .          Harm     .   (no cloak)
rCorr   .          Rampage  .   (gloves unavailable)
Will    .....                   (boots unavailable)
Stlth   +.........              (no amulet)
HPRegen 0.10/turn               (no ring)
MPRegen 0.09/turn               (no ring)

@: lethally poisoned (0 -> -4)
A: large, unfitting armour, tough skin 1
a: Renounce Religion, Fiery Armour, Foxfire Swarm, Rising Flame


You were on level 2 of the Dungeon.
You worshipped Ignis.
Ignis was extremely pleased with you.
You visited 1 branch of the dungeon, and saw 2 of its levels.

You collected 48 gold pieces.

Inventory:

Hand Weapons
 a - a -1 mace of flaming (weapon)
Armour
 b - a +0 robe (worn)
Jewellery
 f - a +6 ring of strength
Scrolls
 e - a scroll of teleportation


   Skills:
 + Level 4.1 Fighting
 + Level 2.8 Maces & Flails
 + Level 0.2 Armour
 + Level 0.3 Dodging
 + Level 1.6 Spellcasting
 + Level 2.8 Fire Magic
 + Level 0.3 Earth Magic


You had 4 spell levels left.
You didn't know any spells.
Your spell library contained the following spells:

 Spells                   Type           Power      Damage    Failure   Level
 Scorch                   Fire           18%        2d5       11%         2


Dungeon Overview and Level Annotations

Branches:
Dungeon (2/15)

Altars:


Innate Abilities, Weirdness & Mutations

You are too large for most types of armour.
You have tough skin. (AC +1)


Message History

The adder is severely wounded.
You feel very sick. The adder bites you but does no damage.
You closely miss the adder.
The adder is severely wounded.
You feel sick. The adder bites you.
You are more poisoned.
The adder poisons you! The adder bites you but does no damage.
You miss the adder. Your punch misses the adder.
The adder is severely wounded.
You feel very sick. The adder closely misses you. The adder bites you.
You are lethally poisoned!
The adder poisons you!
You closely miss the adder.
The adder is severely wounded.
* * * LOW HITPOINT WARNING * * *
You feel very sick. The adder bites you but does no damage.
Okay, then.
It was a potion of curing.
You feel better. The adder closely misses you. The adder bites you.
You miss the adder.
The adder is severely wounded.
The adder bites you.
* * * LOW HITPOINT WARNING * * *
You miss the adder.
The adder is severely wounded.
The adder bites you.
* * * LOW HITPOINT WARNING * * *
You are lethally poisoned!
The adder poisons you! The adder bites you.
* * * LOW HITPOINT WARNING * * *
You hit the adder but do no damage.
The adder is severely wounded.
* * * LOW HITPOINT WARNING * * *
You feel sick. The adder bites you.
* * * LOW HITPOINT WARNING * * *
The adder bites you.
You die...

#.##.## #.#
#.#...## #.#
#....#.# #.#
###.#.####.#
########.......#
#..............#
#........###...#
#........# ...#
.. #..?@....#
.... ..
#...S........
### ...
#.......###.#
### #.......# #
....###### ####.
#. #.


You could see an adder.

Vanquished Creatures
  A worm (D:2)
  2 endoplasms (D:2)
  2 goblins
  3 ball pythons
  3 kobolds
  2 rats (D:1)
13 creatures vanquished.

Notes
Turn   | Place    | Note
-------+----------+-------------------------------------------
     0 | D:1      | Revguard the Ogre Cinder Acolyte began the quest for the
                  | Orb.
     0 | D:1      | Reached XP level 1. HP: 24/24 MP: 2/2
   168 | D:1      | Found a faded altar of an unknown god.
  1159 | D:2      | Reached XP level 2. HP: 30/32 MP: 2/4
  1394 | D:2      | HP: 1/32 [adder (1)]
  1394 | D:2      | Slain by an adder

Illustrated notes

Levels and vault maps discovered:
D:1:      dpeg_arrival_court, layout_basic, chequers_ecumenical_altar_simple,
          serial_rivers, chequers_serial_rivers_marsh,
          chequers_serial_rivers_marsh, chequers_serial_rivers_micro_c,
          chequers_serial_rivers_small_b, chequers_serial_rivers_small_a
D:2:      layout_loops_cross, kennysheep_generic_room_3

Action                   || total
-------------------------++-------
Melee: Mace              ||    56
  Use: Scroll            ||     3
       Potion            ||     3
Armor: Robe              ||    23
Dodge: Dodged            ||    22
